 Dungeon Crawl Stone Soup version 0.25-a0-504-g768f60da87 (webtiles) character file.

Game seed: 8143108554882194634, levelgen mode: deterministic

230213 DunjonMadzik the Eviscerator (level 18, -8/93 HPs)
             Began as a Felid Fighter on Feb 14, 2020.
             Was the Champion of Dithmenos.
             Shot with an arrow by a deep elf master archer (11 damage)
             ... on level 3 of the Elven Halls.
             The game lasted 04:01:36 (59920 turns).

DunjonMadzik the Eviscerator (Felid Fighter)       Turns: 59920, Time: 04:01:36

Health: -8/93      AC:  6    Str: 16    XL:     18   Next: 75%
Magic:  29/32      EV: 35    Int: 20    God:    Dithmenos [******]
Gold:   2953       SH:  0    Dex: 33    Spells: 7/22 levels left
                                        Lives:  0   Deaths: 3

rFire    + . .     SeeInvis +     - Unarmed
rCold    + . .     Gourm    .   (shield unavailable)
rNeg     + + .     Faith    .   (armour unavailable)
rPois    .         Spirit   .   (helmet unavailable)
rElec    +         Reflect  .   (cloak unavailable)
rCorr    .         Harm     .   (gloves unavailable)
MR       ++...     Rnd*Rage +   (boots unavailable) Stlth ++++++++++NoTele +
                                V - amulet "Tikuanext" {*Drain +Rage rElec Int+4 Dex+4}
HPRegen  0.25/turn              B - ring "Weisoas" {-Tele rF+ rN++ MP+9 Dex+3}
MPRegen  0.23/turn              N - ring "Ekhoax" {AC+3 Dex+9}

@: wreathed by umbra, heavily drained, quick
A: very small, no armour, no weapons or thrown items, stealth, claws 1, fangs 3,
thin skeletal structure 1, see invisible, berserk 1, carnivore, speed 1, low mp
2, robust 1, shaggy fur 3, slow metabolism 1, strong 1, subdued magic 1, sharp
paws
}: 1/15 runes: slimy
a: Shadow Step, Shadow Form, Renounce Religion, Evoke Berserk Rage


You were on level 3 of the Elven Halls.
You worshipped Dithmenos.
Dithmenos was exalted by your worship.
You were completely stuffed.

You visited 8 branches of the dungeon, and saw 36 of its levels.
You visited the Abyss 1 time.
You also visited: Bailey.

You collected 4650 gold pieces.
You spent 1697 gold pieces at shops.

Inventory:

Jewellery
 i - a +6 amulet of reflection
 q - the amulet "Neziwed" {Harm *Drain rElec rC+}
   (You found it on level 6 of the Lair of Beasts)

   [amulet of harm]

   It increases damage dealt and taken.
   It protects you from cold.
   It insulates you from electricity.
   It causes draining when unequipped.
 t - an uncursed ring of protection from fire
 v - an uncursed amulet of faith
 B - the ring "Weisoas" (left paw) {-Tele rF+ rN++ MP+9 Dex+3}
   (You found it on level 3 of the Elven Halls)

   [ring of magical power]

   It affects your dexterity (+3).
   It protects you from fire.
   It greatly protects you from negative energy.
   It affects your magic capacity (+9).
   It prevents most forms of teleportation.
 N - the ring "Ekhoax" (right paw) {AC+3 Dex+9}
   (You bought it in a shop on level 2 of the Orcish Mines)

   [ring of protection]

   It affects your AC (+3).
   It affects your dexterity (+9).
 S - an uncursed amulet of regeneration
 V - the amulet "Tikuanext" (around neck) {*Drain +Rage rElec Int+4 Dex+4}
   (You found it on level 3 of the Elven Halls)

   [amulet of rage]

   It affects your intelligence (+4).
   It affects your dexterity (+4).
   It insulates you from electricity.
   It lets you go berserk.
   It causes draining when unequipped.
 W - an uncursed ring of flight
Wands
 g - a wand of acid (9)
 n - a wand of flame (48)
 r - a wand of enslavement (6)
 D - a wand of iceblast (12)
 I - a wand of paralysis (14)
 K - a wand of digging (12)
 L - a wand of polymorph (17)
Scrolls
 c - 7 scrolls of teleportation
 d - 4 scrolls of magic mapping
 e - 10 scrolls of remove curse
 f - 2 scrolls of blinking
 h - 7 scrolls of identify
 j - 2 scrolls of fear
 k - a scroll of fog
 o - a scroll of holy word
 p - 5 scrolls of amnesia
 u - 2 scrolls of summoning
 J - a scroll of vulnerability
Potions
 a - a potion of might
 l - 2 potions of invisibility
 m - 5 potions of berserk rage
 s - 6 potions of resistance
 z - 2 potions of mutation
 A - 3 potions of haste
 E - a potion of magic
 F - 4 potions of lignification
 G - 2 potions of ambrosia
 R - 2 potions of flight
 X - a potion of curing
Miscellaneous
 C - a fan of gales
 O - a lamp of fire
Comestibles
 b - 48 rations


   Skills:
 + Level 13.0(10.6) Fighting
 - Level 15.4(12.8) Dodging
 - Level 14.3(11.8) Stealth
 - Level 21.4(18.4) Unarmed Combat
 - Level 2.5(0.6) Spellcasting
 - Level 9.1(6.9) Hexes
 - Level 7.4(5.3) Charms
 - Level 9.0(6.8) Translocations
 - Level 1.7(0.0) Ice Magic
 - Level 10.6(8.3) Invocations
 - Level 12.7(10.2) Evocations


You had 7 spell levels left.
You knew the following spells:

 Your Spells              Type           Power        Failure   Level  Hunger
a - Shroud of Golubria    Chrm/Tloc      ###...       1%          2    ###....
b - Ozocubu's Armour      Chrm/Ice       #.......     16%         3    ####...
c - Cause Fear            Hex            ###.......   9%          4    #####..
d - Swiftness             Chrm/Air       #.......     8%          2    ###....
e - Passage of Golubria   Tloc           N/A          9%          4    #####..

Your spell library contained the following spells:

 Spells                   Type           Power        Failure   Level  Hunger
 Corona                   Hex            ###....      1%          1    ##.....
 Infusion                 Chrm           ###.         1%          1    ##.....
 Blink                    Tloc           N/A          1%          2    ###....
 Slow                     Hex            ###.....     1%          2    ###....
 Song of Slaying          Chrm           ###.....     2%          2    ###....
 Gell's Gravitas          Tloc           ###.......   2%          3    ####...
 Lesser Beckoning         Tloc           ###.......   2%          3    ####...
 Teleport Other           Tloc           ###.....     2%          3    ####...
 Inner Flame              Hex/Fire       ##......     11%         3    ####...
 Summon Guardian Golem    Hex/Summ       ##......     11%         3    ####...
 Shock                    Conj/Air       #...         16%         1    ##.....
 Sting                    Tmut/Pois      #...         16%         1    ##.....
 Summon Butterflies       Summ           #.......     16%         1    ##.....
 Summon Small Mammal      Summ           #...         16%         1    ##.....
 Call Imp                 Summ           #.......     24%         2    ###....
 Corpse Rot               Necr/Air       N/A          24%         2    ###....
 Poisonous Vapours        Pois/Air       #.....       24%         2    ###....
 Sticks to Snakes         Tmut           #.......     24%         2    ###....
 Leda's Liquefaction      Hex/Erth       ##........   36%         4    #####..
 Call Canine Familiar     Summ           #.......     45%         3    ####...
 Conjure Flame            Conj/Fire      #.......     45%         3    ####...
 Mephitic Cloud           Conj/Pois/Air  #.......     45%         3    ####...
 Spider Form              Tmut/Pois      #.........   45%         3    ####...
 Static Discharge         Conj/Air       #.......     45%         3    ####...
 Stone Arrow              Conj/Erth      #.....       45%         3    ####...
 Summon Forest            Summ/Tloc      ##........   73%         5    ######.
 Airstrike                Air            #.........   86%         4    #####..
 Ice Form                 Ice/Tmut       #.......     86%         4    #####..
 Sticky Flame             Conj/Fire      #.......     86%         4    #####..
 Summon Ice Beast         Ice/Summ       #.......     86%         4    #####..
 Summon Lightning Spire   Summ/Air       #.......     86%         4    #####..
 Alistair's Intoxication  Tmut/Pois      #.......     99%         5    ######.
 Aura of Abjuration       Summ           #.........   99%         5    ######.
 Blade Hands              Tmut           #.........   99%         5    ######.
 Irradiate                Conj/Tmut      #.........   99%         5    ######.
 Lightning Bolt           Conj/Air       #.........   99%         5    ######.
 Eringya's Noxious Bog    Tmut/Pois      #.........   100%        6    #######
 Freezing Cloud           Conj/Ice/Air   #.........   100%        6    #######
 Hydra Form               Tmut           #.........   100%        6    #######
 Statue Form              Tmut/Erth      #........    100%        6    #######
 Haunt                    Necr/Summ      #.........   100%        7    #######
 Malign Gateway           Summ/Tloc      ##........   100%        7    #######
 Monstrous Menagerie      Summ           #.........   100%        7    #######
 Ring of Flames           Chrm/Fire      #.........   100%        7    #######
 Summon Greater Demon     Summ           #.........   100%        7    #######
 Summon Hydra             Summ           #.........   100%        7    #######
 Borgnjor's Revivificati  Necr           #.........   100%        8    #######
 Chain Lightning          Conj/Air       #.........   100%        8    #######
 Death's Door             Chrm/Necr      #.........   100%        8    #######
 Infestation              Necr           #.........   100%        8    #######
 Lehudib's Crystal Spear  Conj/Erth      #.........   100%        8    #######
 Necromutation            Tmut/Necr      #.........   100%        8    #######
 Summon Horrible Things   Summ           #.........   100%        8    #######
 Fire Storm               Conj/Fire      #.........   100%        9    #######
 Glaciate                 Conj/Ice       #.........   100%        9    #######
 Portal Projectile        Hex/Tloc       Unusable     N/A         3    N/A
 Spectral Weapon          Hex/Chrm       Unusable     N/A         3    N/A

Dungeon Overview and Level Annotations

Branches:
Dungeon (15/15)            Temple (1/1) D:6            Lair (6/6) D:8
  Swamp (0/4) Lair:3        Snake (3/4) Lair:4        Slime (5/5) Lair:6
    Orc (2/2) D:12            Elf (3/3) Orc:2        Vaults (0/5) D:14
 Depths (1/5) D:15         Bailey (visited)

Altars:
Ashenzari
Cheibriados
Dithmenos
Elyvilon
Fedhas
Gozag
Hepliaklqana
Kikubaaqudgha
Makhleb
Nemelex Xobeh
Okawaru
Qazlal
Ru
Sif Muna
Trog
Uskayaw
Vehumet
Wu Jian
Xom
Yredelemnul
Zin
The Shining One
Beogh
Jiyva

Shops:
D:4 ?   D:5 (   D:7 }   Orc:2 =[!?   Elf:2 ([[

Portals:
Hell: Depths:1
Abyss: D:11
Trove: D:12 (give 2 scrolls of acquirement)

Annotations:
D:11 2 transporters, einarkeyser's ghost, journeyman HuMo
D:13 2 runed translucent doors
Lair:2 2 transporters, Erk's ghost, journeyman MiFi
Snake:3 Vashnia
Elf:2 5 runed translucent doors


Innate Abilities, Weirdness & Mutations

You cannot wear armour.
You are incapable of wielding weapons or throwing items.
Your paws allow you to move quietly. (Stealth)
You have sharp claws.
You have razor-sharp teeth.
You have supernaturally acute eyesight. (SInv)
You are carnivorous and can eat meat at any time.
You cover ground quickly.
Your thick and shaggy fur keeps you warm. (AC +3, rC+)
You have a slow metabolism.
Your sharp claws are effective at attacking unaware monsters.
You have a somewhat thin skeletal structure. (Dex +2, Stealth)
You tend to lose your temper in combat.
Your magical capacity is very low. (-20% MP)
You are robust. (+10% HP)
Your muscles are strong. (Str +2)
Your spells are a little easier to cast, but a little less powerful.


Message History

The deep elf master archer is moderately wounded.
The deep elf master archer shoots an arrow.
The arrow misses you.
You claw the deep elf master archer!
The deep elf master archer is heavily wounded.
The deep elf master archer shoots an arrow.
The arrow hits you!
You mangle the deep elf master archer!!
The deep elf master archer is severely wounded.
Your shadow barely misses the deep elf master archer.
The deep elf sorcerer mumbles some strange words.
The deep elf sorcerer seems to speed up.
The deep elf master archer shoots an arrow.
The arrow hits you!!
You emit a cloud of dark smoke.
You fail to use your ability.
The deep elf master archer shoots an arrow.
The arrow hits you!!
* * * LOW HITPOINT WARNING * * *
You emit a cloud of dark smoke.
You die...

#.[#....................
#..#....#############...
#..#....#...........#...
#..#....#...........#...
#..#....#......^....#...
#(.#(...#...........'...
#..'.§§§#...........#...
#..#.§§§#...........#...
#..#.§§@########'####...
#..#.§§§e..e.)..........
#..#....................
#.)#....................
#..#....##########'##...
#..#....#...........#...
#..#....#...........#...
#..#...)#...........#...
#..#....#...........#...


You could see a deep elf master archer and a deep elf sorcerer.

Vanquished Creatures
  the Royal Jelly (Slime:5)
  Jorgrun (D:12)
  Rupert (D:13)
  Asterion (Snake:3)
  20 acid blobs
  An Executioner (Abyss:2)
  Gastronok (Lair:2)
  2 nagarajas (Snake:3)
  Kirke (Snake:1)
  10 azure jellies
  A fire giant (D:15)
  5 deep elf sorcerers
  Aizul (Snake:3)
  A cacodemon (Abyss:2)
  3 deep elf elementalists (Elf:3)
  Nessos (D:13)
  Azrael (Orc:2)
  5 deep elf demonologists (Elf:3)
  10 deep elf annihilators (Elf:3)
  Snorg (D:10)
  8 death oozes
  An ettin (Orc:2)
  6 deep elf death magi
  Erolcha (D:10)
  4 great orbs of eyes
  2 deep elf high priests (Elf:3)
  7 naga warriors
  7 anacondas
  2 catoblepae
  6 hydras
  An ice dragon (D:14)
  8 dancing weapons
  An ogre mage (D:15)
  3 centaur warriors
  7 death yaks
  5 two-headed ogres
  An orc high priest (Orc:2)
  4 thrashing horrors (Abyss:2)
  4 naga sharpshooters
  3 shock serpents
  19 deep elf knights
  Nergalle (Lair:4)
  A spatial maelstrom (Abyss:2)
  5 skeletal warriors
  A fire crab (shapeshifter) (Elf:3)
  2 salamander mystics (Snake:2)
  A wretched star (Abyss:2)
  5 unseen horrors
  A glowing orange brain (Slime:3)
  2 naga ritualists
  Pikel (D:9)
  12 deep elf archers
  3 mana vipers (Snake:2)
  51 deep elf magi
  A necromancer (D:14)
  5 orc knights
  8 shining eyes
  12 orc sorcerers
  2 worldbinders (Abyss:2)
  2 cyclopes (D:14)
  6 salamanders (Snake:2)
  A manticore (D:12)
  A manticore (shapeshifter) (Elf:2)
  2 ugly things
  10 elephants
  2 eyes of devastation
  2 centaur zombies
  A guardian serpent (Snake:2)
  A rust devil (Abyss:2)
  Maurice (Orc:2)
  21 black mambas
  A torpor snail (Lair:3)
  6 naga magi
  2 gargoyles
  22 spiny frogs
  5 komodo dragons
  A rime drake (Lair:6)
  A hellwing (Abyss:2)
  A freezing wraith (D:14)
  2 ancient zymes (Abyss:2)
  A catoblepas skeleton (Abyss:2)
  5 trolls
  A large abomination (Abyss:2)
  2 polar bears
  3 meliai (D:15)
  3 hornets (Lair:5)
  Grinder (D:3)
  45 slime creatures
  4 tyrant leeches (Lair:6)
  14 blink frogs
  10 dream sheep
  7 hippogriffs
  Sigmund (D:2)
  13 spriggans
  2 vampires
  An air elemental (Elf:3)
  5 wyverns
  3 shadows
  2 water elementals
  2 ynoxinuls (Abyss:2)
  4 fire elementals
  6 golden eyes (Slime:2)
  A yak (shapeshifter) (D:14)
  A hungry ghost (D:11)
  A steam dragon (Lair:3)
  42 yaks
  A neqoxec (Abyss:2)
  12 vampire mosquitoes
  7 wargs (Orc:2)
  15 nagas
  A swamp worm (shapeshifter) (Elf:1)
  2 soldier ants
  18 water moccasins
  A swamp worm (Lair:3)
  An acid dragon (D:11)
  9 porcupines
  3 slaves (D:9)
  A floating eye (Slime:2)
  A hell hound (Orc:2)
  40 orc warriors
  3 ice beasts
  3 phantoms
  A hornet zombie (D:15)
  5 black bears
  A sky beast (D:12)
  3 boggarts (Lair:5)
  8 eyes of draining
  3 wolves (Lair:2)
  4 ogres
  13 centaurs
  A big kobold (D:9)
  5 crocodiles
  An earth elemental (Elf:2)
  32 bullfrogs
  A gnoll sergeant (D:10)
  2 small abominations (Abyss:2)
  A wyvern skeleton (D:11)
  2 scorpions
  26 killer bees
  3 wights (D:9)
  5 howler monkeys
  An electric eel (Lair:6)
  11 crimson imps
  4 quasits
  2 bullfrog zombies (D:12)
  7 hounds
  4 bullfrog skeletons
  18 orc priests
  7 jellies
  4 centaur skeletons
  An iron imp (Abyss:2)
  8 worker ants
  6 iguanas
  47 orc wizards
  A killer bee zombie (D:8)
  A hound zombie (D:11)
  2 hound skeletons
  A worker ant zombie (D:4)
  10 adders
  6 gnolls
  2 shadow imps
  4 adder zombies
  5 oozes
  An adder skeleton (D:2)
  A worm (D:2)
  4 dart slugs
  10 leopard geckos
  137 orcs
  3 ball pythons
  10 bats
  5 giant cockroaches
  6 goblins
  7 hobgoblins
  11 jackals
  9 kobolds
  7 quokkas
  6 frilled lizards
  A giant cockroach zombie (D:2)
  A jackal zombie (D:2)
  A leopard gecko zombie (D:2)
  12 rats
  A fungus (Lair:6)
  A plant (Lair:6)
1174 creatures vanquished.

Vanquished Creatures (collateral kills)
  2 deep elf magi (Elf:1)
  An air elemental (Elf:1)
  A water elemental (Elf:1)
4 creatures vanquished.

Vanquished Creatures (others)
  An elephant (Lair:6)
  A flying skull (Abyss:2)
  A yak (Lair:6)
  A wyvern (Lair:6)
  A water elemental (Elf:2)
  A human (Snake:1)
  A warg (Orc:2)
  18 fungi
  59 plants
84 creatures vanquished.

Grand Total: 1262 creatures vanquished

Notes
Turn   | Place    | Note
-------+----------+-------------------------------------------
     0 | D:1      | DunjonMadzik the Felid Fighter began the quest for the Orb.
     0 | D:1      | Reached XP level 1. HP: 10/10 MP: 2/2
   389 | D:1      | Reached skill level 1 in Stealth
   427 | D:1      | Reached XP level 2. HP: 14/14 MP: 3/3
   959 | D:2      | Reached XP level 3. HP: 17/17 MP: 4/4
   967 | D:2      | Found a radiant altar of Vehumet.
  1583 | D:2      | Reached XP level 4. HP: 18/21 MP: 5/5
  1732 | D:2      | Noticed Sigmund
  2196 | D:3      | Noticed Grinder
  2232 | D:3      | Reached skill level 5 in Stealth
  2757 | D:3      | Reached XP level 5. HP: 24/24 MP: 6/6
  3037 | D:3      | Paralysed by Grinder for 7 turns
  3039 | D:3      | Slain by Grinder
  3040 | D:3      | Reached XP level 4. HP: -2/21 MP: 5/5
  3066 | D:3      | Killed Grinder
  3066 | D:3      | Reached skill level 6 in Unarmed Combat
  3066 | D:3      | Reached XP level 5. HP: 6/24 MP: 6/6
  3066 | D:3      | Gained mutation: You are covered in thick fur. (AC +2)
                  | [Felid growth]
  3066 | D:3      | Reached XP level 6. HP: 7/28 MP: 7/7
  3676 | D:2      | Killed Sigmund
  3752 | D:2      | Found a glowing golden altar of the Shining One.
  3850 | D:4      | Reached XP level 7. HP: 24/31 MP: 8/8
  4217 | D:4      | Found Joegrynk's Magic Scroll Emporium.
  4712 | D:4      | Reached skill level 7 in Unarmed Combat
  5155 | D:5      | Entered Level 5 of the Dungeon
  5358 | D:5      | Reached XP level 8. HP: 36/36 MP: 9/9
  5415 | D:5      | Reached skill level 8 in Unarmed Combat
  5481 | D:5      | Found Lal Pego's Weapon Shop.
  5823 | D:6      | Found a staircase to the Ecumenical Temple.
  5950 | Temple   | Entered the Ecumenical Temple
  6022 | Temple   | Became a worshipper of Dithmenos the Shadowed
  6608 | D:6      | Reached skill level 9 in Unarmed Combat
  7192 | D:7      | Found a sparkling altar of Nemelex Xobeh.
  7211 | D:7      | Reached skill level 10 in Stealth
  7212 | D:7      | Found a hazy altar of Hepliaklqana.
  7232 | D:7      | Found an ornate altar of the Wu Jian Council.
  7256 | D:7      | Found Cackufoo's Gadget Boutique.
  7274 | D:7      | Bought a wand of paralysis (7) for 99 gold pieces
  7274 | D:7      | Bought a wand of iceblast (4) for 88 gold pieces
  7411 | D:7      | Reached XP level 9. HP: 21/39 MP: 10/10
  7784 | D:8      | Reached skill level 5 in Dodging
  8062 | D:8      | Reached * piety under Dithmenos
  8422 | D:8      | Found a staircase to the Lair.
  8423 | D:8      | Noticed a komodo dragon
  8563 | D:8      | Killed a komodo dragon
  8563 | D:8      | Reached skill level 10 in Unarmed Combat
  8742 | D:9      | Reached skill level 11 in Unarmed Combat
  8954 | D:9      | Reached skill level 5 in Fighting
  9411 | D:9      | Reached ** piety under Dithmenos
  9451 | D:9      | Reached XP level 10. HP: 42/44 MP: 11/11
 10002 | D:9      | Gained mutation: Your spells are a little harder to cast,
                  | but a little more powerful. [potion of mutation]
 10002 | D:9      | Gained mutation: Your muscles are strong. (Str +2) [potion
                  | of mutation]
 10002 | D:9      | Gained mutation: You are partially covered in large bone
                  | plates. (SH +4) [potion of mutation]
 10295 | D:9      | Noticed Pikel
 10321 | D:9      | Killed Pikel
 10734 | D:9      | Reached skill level 1 in Evocations
 10893 | D:10     | Entered Level 10 of the Dungeon
 10950 | D:10     | Noticed Snorg
 10956 | D:10     | Killed Snorg
 10956 | D:10     | Reached skill level 5 in Evocations
 11331 | D:10     | Found a roughly hewn altar of Beogh.
 11396 | D:10     | Noticed Erolcha
 11459 | D:10     | Reached *** piety under Dithmenos
 11906 | D:10     | Killed Erolcha
 11906 | D:10     | Reached XP level 11. HP: 45/49 MP: 12/17
 12208 | D:11     | Found a transporter.
 12215 | D:11     | Identified the +7 trident of Uskayaw's Generosity {distort,
                  | +Fly MP+9}
 12366 | D:11     | Reached skill level 12 in Unarmed Combat
 12686 | D:11     | Found a transporter.
 12914 | D:11     | Noticed a brown ugly thing
 13138 | D:11     | Found a one-way gate to the infinite horrors of the Abyss.
 13138 | D:11     | Noticed einarkeyser's ghost (journeyman HuMo)
 13184 | D:11     | Killed a brown ugly thing
 13939 | D:11     | Noticed an orb spider
 14051 | D:9      | Reached skill level 1 in Invocations
 14145 | D:12     | Found a basalt altar of Yredelemnul.
 14169 | D:12     | Noticed a skeletal warrior
 14169 | D:12     | Noticed a skeletal warrior
 14396 | Lair:1   | Entered Level 1 of the Lair of Beasts
 14605 | Lair:1   | Reached **** piety under Dithmenos
 15454 | Lair:1   | Learned a level 2 spell: Shroud of Golubria
 15458 | Lair:1   | Learned a level 3 spell: Ozocubu's Armour
 15547 | Lair:1   | Reached skill level 1 in Charms
 15854 | Lair:2   | Found a transporter.
 15859 | Lair:2   | Found a transporter.
 15860 | Lair:2   | Noticed a five-headed hydra
 15865 | Lair:2   | Noticed Erk's ghost (journeyman MiFi)
 16036 | Lair:2   | Noticed Gastronok
 16042 | Lair:2   | Killed Gastronok
 16042 | Lair:2   | Reached skill level 5 in Charms
 16132 | Lair:2   | Learned a level 4 spell: Cause Fear
 16154 | Lair:2   | Reached skill level 1 in Translocations
 16354 | Lair:2   | You fall into a shaft and drop 2 floors!
 16378 | Lair:4   | Gained mutation: Your thick and shaggy fur keeps you warm.
                  | (AC +3, rC+) [Felid growth]
 16378 | Lair:4   | Reached XP level 12. HP: 38/53 MP: 18/18
 16382 | Lair:4   | Noticed a death yak
 16463 | Lair:4   | Noticed a death yak
 16490 | Lair:4   | Reached skill level 1 in Ice Magic
 16807 | Lair:3   | Reached skill level 13 in Unarmed Combat
 16899 | Lair:4   | Noticed a catoblepas
 17311 | Lair:3   | Noticed a six-headed hydra
 17312 | Lair:3   | Noticed a five-headed hydra
 17362 | Lair:3   | Noticed a four-headed hydra
 17484 | D:7      | Bought a wand of scattershot (7) for 363 gold pieces
 17484 | D:7      | Bought a wand of iceblast (3) for 77 gold pieces
 17727 | Lair:2   | Reached skill level 1 in Hexes
 18068 | Lair:3   | Reached skill level 5 in Hexes
 18259 | Lair:3   | Killed a four-headed hydra
 18381 | Lair:3   | Killed a five-headed hydra
 19064 | Lair:3   | Found a staircase to the Swamp.
 19291 | Lair:3   | Killed a six-headed hydra
 19614 | Lair:4   | Noticed a death yak
 19614 | Lair:4   | Noticed a death yak
 20714 | Lair:4   | Found a staircase to the Snake Pit.
 20748 | Lair:4   | Noticed an eight-headed hydra
 20872 | Lair:4   | Reached skill level 14 in Unarmed Combat
 20957 | Lair:4   | Killed a catoblepas
 21163 | Lair:4   | Noticed a death yak
 21164 | Lair:4   | Noticed a death yak
 21168 | Lair:4   | Noticed a death yak
 21221 | Lair:4   | Killed a death yak
 21221 | Lair:4   | Reached XP level 13. HP: 7/56 MP: 14/19
 21249 | Lair:4   | Noticed Nergalle
 22966 | Lair:6   | Entered Level 6 of the Lair of Beasts
 23242 | Lair:6   | Reached skill level 10 in Dodging
 23584 | Lair:6   | Reached ***** piety under Dithmenos
 24636 | Lair:6   | Reached skill level 15 in Unarmed Combat
 26626 | Lair:6   | Reached skill level 16 in Unarmed Combat
 26626 | Lair:6   | Reached XP level 14. HP: 50/62 MP: 20/20
 27461 | Lair:6   | Found a staircase to the Slime Pits.
 27548 | Lair:6   | Got a steaming ruby amulet
 27549 | Lair:6   | Identified the amulet "Neziwed" {Harm *Drain rElec rC+}
                  | (You found it on level 6 of the Lair of Beasts)
 28419 | D:12     | You fall into a shaft and drop 3 floors!
 28419 | D:15     | Entered Level 15 of the Dungeon
 29532 | D:14     | Found a gate to the Vaults.
 29577 | D:14     | Learned a level 2 spell: Swiftness
 29988 | D:13     | Noticed Rupert
 29992 | D:13     | Killed Rupert
 30149 | D:13     | Noticed Nessos
 30501 | D:13     | Found a flagged portal.
 30518 | Bailey   | Entered a bailey
 31350 | Bailey   | Identified a scroll of acquirement
 31351 | Bailey   | Identified Qoifoquu's Incunabulum of Feathery Snow (You
                  | acquired it in a bailey)
 31351 | Bailey   | Identified the amulet "Roqylus" {Faith Str+3} (You acquired
                  | it in a bailey)
 31470 | D:13     | Found a large runed translucent door.
 31472 | D:13     | Found a large runed translucent door.
 31824 | D:12     | Reached skill level 17 in Unarmed Combat
 32039 | D:13     | Killed Nessos
 32048 | D:13     | Identified the cursed +2 war axe "Qann" {antimagic, *Rage
                  | +Rage rPois Stlth+}
 32784 | D:12     | Found a staircase to the Orcish Mines.
 32923 | D:12     | Found a portal to a secret trove of treasure.
 33172 | D:12     | Noticed Jorgrun
 33178 | D:12     | Killed Jorgrun
 33178 | D:12     | Reached XP level 15. HP: 67/67 MP: 20/22
 33312 | Orc:1    | Entered Level 1 of the Orcish Mines
 34632 | Orc:2    | Entered Level 2 of the Orcish Mines
 34632 | Orc:2    | Found a staircase to the Elven Halls.
 34642 | Orc:2    | Reached ****** piety under Dithmenos
 35706 | Orc:2    | Reached skill level 10 in Evocations
 35741 | Orc:2    | Noticed Azrael
 35757 | Orc:2    | Noticed Maurice
 35766 | Orc:2    | Killed Maurice
 36290 | Orc:2    | Killed Azrael
 37309 | Orc:2    | Found Souviuhe's Jewellery Shoppe.
 37309 | Orc:2    | Found Omezuz's Antique Armour Boutique.
 37331 | Orc:2    | Found a roughly hewn altar of Beogh.
 37404 | Orc:2    | Found Quubit's Magic Scroll Boutique.
 37404 | Orc:2    | Found Rampoeze's Distillery.
 37454 | Orc:2    | Bought an uncursed ring of resist corrosion for 320 gold
                  | pieces
 37454 | Orc:2    | Bought the ring "Ekhoax" {AC+3 Dex+9} for 750 gold pieces
 37576 | Orc:2    | Reached XP level 16. HP: 72/72 MP: 25/25
 37880 | D:15     | Found a staircase to the Depths.
 38616 | Depths:1 | Entered Level 1 of the Depths
 38622 | Depths:1 | Found a gateway to Hell.
 38906 | Snake:1  | Entered Level 1 of the Snake Pit
 39002 | Snake:1  | Noticed Kirke
 39005 | Snake:1  | Killed Kirke
 39005 | Snake:1  | Reached skill level 5 in Invocations
 39288 | Snake:1  | Reached XP level 17. HP: 75/75 MP: 27/27
 40595 | Snake:2  | Reached skill level 10 in Invocations
 41590 | Snake:3  | Reached XP level 18. HP: 73/79 MP: 23/28
 41824 | Snake:3  | Reached skill level 10 in Fighting
 41825 | Snake:3  | Shot with a bolt by a naga sharpshooter
 41826 | Snake:3  | Reached XP level 17. HP: -13/76 MP: 27/27
 42103 | Snake:3  | Noticed Asterion
 42106 | Snake:3  | Killed Asterion
 42324 | Snake:3  | Noticed Aizul
 42831 | Snake:3  | HP: 2/78 [Aizul/poison arrow (46)]
 42833 | Snake:3  | Killed Aizul
 43117 | Snake:3  | Noticed Vashnia
 43651 | Lair:4   | Killed Nergalle
 44259 | Slime:1  | Entered Level 1 of the Pits of Slime
 44265 | Slime:1  | Noticed an acid blob
 44266 | Slime:1  | Noticed an acid blob
 44464 | Slime:1  | Noticed an acid blob
 44650 | Lair:6   | Killed an acid blob
 44981 | Lair:6   | Killed an acid blob
 45226 | Slime:1  | Killed an acid blob
 45226 | Slime:1  | Reached skill level 18 in Unarmed Combat
 45765 | Slime:2  | Noticed an acid blob
 45769 | Slime:2  | Killed an acid blob
 46914 | Slime:2  | Noticed an acid blob
 47210 | Slime:2  | Killed an acid blob
 47563 | Slime:2  | Noticed an acid blob
 47567 | Slime:2  | Gained mutation: Your magical capacity is low. (-10% MP) [a
                  | shining eye]
 47569 | Slime:2  | Killed an acid blob
 47569 | Slime:2  | Gained mutation: You are clumsy. (Dex -2) [a shining eye]
 47570 | Slime:2  | Gained mutation: You occasionally shout uncontrollably at
                  | your foes. [a shining eye]
 47575 | Slime:2  | Lost mutation: You occasionally shout uncontrollably at
                  | your foes. [potion of mutation]
 47575 | Slime:2  | Lost mutation: You are partially covered in large bone
                  | plates. (SH +4) [potion of mutation]
 47575 | Slime:2  | Gained mutation: You are very clumsy. (Dex -4) [potion of
                  | mutation]
 47575 | Slime:2  | Gained mutation: Your magical capacity is very low. (-20%
                  | MP) [potion of mutation]
 47575 | Slime:2  | Gained mutation: You are robust. (+10% HP) [potion of
                  | mutation]
 47575 | Slime:2  | Lost mutation: You are very clumsy. (Dex -4) [potion of
                  | mutation]
 47576 | Slime:2  | Lost mutation: Your spells are a little harder to cast, but
                  | a little more powerful. [potion of mutation]
 47576 | Slime:2  | Gained mutation: Your spells are a little easier to cast,
                  | but a little less powerful. [potion of mutation]
 47576 | Slime:2  | Gained mutation: You expend magic power (3 MP) to
                  | strengthen your wands. [potion of mutation]
 47576 | Slime:2  | Lost mutation: You are clumsy. (Dex -2) [potion of
                  | mutation]
 47576 | Slime:2  | Gained mutation: You have a somewhat thin skeletal
                  | structure. (Dex +2, Stealth) [potion of mutation]
 47833 | Slime:1  | HP: 2/85 [slime creature (24)]
 48213 | Slime:3  | Noticed an acid blob
 48223 | Slime:3  | Killed an acid blob
 48615 | Slime:4  | Reached skill level 19 in Unarmed Combat
 48624 | Slime:4  | Gained mutation: You are dopey. (Int -2) [a shining eye]
 48759 | Slime:5  | Entered Level 5 of the Pits of Slime
 48759 | Slime:5  | Noticed an acid blob
 48764 | Slime:5  | Killed an acid blob
 48954 | Slime:5  | Noticed an acid blob
 48963 | Slime:5  | Killed an acid blob
 48966 | Slime:5  | Gained mutation: Potions are less effective at restoring
                  | your health. [a shining eye]
 48975 | Slime:5  | Noticed an acid blob
 48987 | Slime:5  | Killed an acid blob
 48987 | Slime:5  | Reached XP level 18. HP: 83/90 MP: 21/23
 48990 | Slime:5  | Lost mutation: Potions are less effective at restoring your
                  | health. [potion of mutation]
 48990 | Slime:5  | Lost mutation: Your muscles are strong. (Str +2) [potion of
                  | mutation]
 48990 | Slime:5  | Lost mutation: You expend magic power (3 MP) to strengthen
                  | your wands. [potion of mutation]
 48990 | Slime:5  | Lost mutation: You are dopey. (Int -2) [potion of mutation]
 48990 | Slime:5  | Gained mutation: You tend to lose your temper in combat.
                  | [potion of mutation]
 48990 | Slime:5  | Gained mutation: Your muscles are strong. (Str +2) [potion
                  | of mutation]
 49228 | Slime:5  | Noticed the Royal Jelly
 49268 | Slime:5  | Reached skill level 20 in Unarmed Combat
 49280 | Slime:5  | Found a viscous altar of Jiyva.
 49283 | Slime:5  | Found the cursed +14 obsidian axe {vorpal, +Fly SInv
                  | *Curse}
 49283 | Slime:5  | Killed the Royal Jelly
 50461 | Slime:5  | Identified the Grimoire of Creative Transmigration
 50490 | Slime:5  | Identified Sif Muna's Disquisition on Igneous Summoning
 50526 | Slime:5  | Got a slimy rune of Zot
 50996 | Elf:1    | Entered Level 1 of the Elven Halls
 51195 | Elf:1    | Found a shimmering blue altar of Sif Muna.
 51338 | Elf:1    | Slain by a deep elf archer
 51339 | Elf:1    | Reached XP level 17. HP: -2/84 MP: 22/22
 51366 | Elf:1    | Found the +4 Cigotuvi's embrace {rRot *Drain rN+}
 51405 | Elf:1    | You fall into a shaft and drop 1 floor!
 51423 | Elf:2    | Found Ifim's Weapon Shop.
 51435 | Elf:2    | Found Cod Nuiz's Armour Boutique.
 52203 | Elf:2    | Reached skill level 21 in Unarmed Combat
 52323 | Elf:1    | HP: 2/85 [deep elf archer/+0 dagger (10)]
 52838 | Elf:1    | Found a runed translucent door.
 54001 | Elf:2    | Found Gunin's Antique Armour Emporium.
 55385 | Elf:2    | Found a huge runed translucent gate.
 55385 | Elf:2    | Found a huge runed translucent gate.
 55385 | Elf:2    | Found a huge runed translucent gate.
 55389 | Elf:2    | Found a huge runed translucent gate.
 55389 | Elf:2    | Found a huge runed translucent gate.
 55433 | Elf:3    | Entered Level 3 of the Elven Halls
 55446 | Elf:3    | Reached XP level 18. HP: 73/90 MP: 23/23
 56015 | Elf:3    | HP: 1/90 [deep elf archer/+0 short sword (15)]
 56579 | Elf:3    | Reached skill level 15 in Dodging
 56819 | Elf:3    | Reached skill level 5 in Translocations
 56948 | Elf:3    | Learned a level 4 spell: Passage of Golubria
 57471 | Elf:3    | Cast into level 2 of the Abyss (a deep elf sorcerer)
 57662 | Abyss:2  | Found a corrupted altar of Lugonu.
 58578 | Elf:3    | Escaped the Abyss
 59072 | Elf:3    | Identified the +4 great mace of Misery {protect, rElec rC+
                  | Str+4}
 59091 | Elf:3    | Identified the cursed +2 short sword "Goblin's Death Toll"
                  | {flame, rN+ Str-2 Int+3}
 59176 | Elf:3    | Got a brightly glowing brass amulet
 59266 | Elf:3    | Identified the Handbook of Shape Shifting and Dislocation
 59777 | Elf:3    | Got a scintillating turquoise ring
 59790 | Elf:3    | Identified the amulet "Tikuanext" {*Drain +Rage rElec Int+4
                  | Dex+4} (You found it on level 3 of the Elven Halls)
 59791 | Elf:3    | Identified the ring "Weisoas" {-Tele rF+ rN++ MP+9 Dex+3}
                  | (You found it on level 3 of the Elven Halls)
 59920 | Elf:3    | HP: 3/93 [deep elf master archer/arrow (33)]
 59920 | Elf:3    | Shot with an arrow by a deep elf master archer

Levels and vault maps discovered:
D:1:      scummos_arrival_hexagon, layout_basic
D:2:      minmay_angry_zag, layout_basic, fiery_altar_vehumet, serial_undead,
          serial_undead_a, serial_undead_a, serial_undead_a, serial_undead_d,
          serial_undead_c, serial_undead_e, nicolae_tso_swordbearing_angel,
          uniq_sigmund
D:3:      layout_loops_corners, uniq_grinder
D:4:      layout_loops_ring, serial_shops, shop, first_ration
D:5:      layout_rooms, serial_shops, nicolae_shop_waterfront,
          kennysheep_pointless_box
D:6:      layout_loops_ring, minmay_temple_entry_statues
D:7:      layout_loops_ring, kennysheep_mini, lemuel_crystal_altar,
          nemelex_xobeh_ov_fountains_minmay, serial_shops, shop
D:8:      layout_rooms, david_lair_shrubbed
D:9:      layout_basic, uniq_pikel
D:10:     minmay_klotski, layout_loops_ring, special_room [special_room_orc],
          uniq_snorg, uniq_erolcha
D:11:     layout_loops_corners, gammafunk_ghost_abyssal_escape
D:12:     layout_loops_ring, orc_david_3, enter_trove_3,
          serial_co_window_serial, co_window_paths_b, co_window_paths_a,
          co_window_paths_b, co_window_paths_a, co_window_of_opportunity_a,
          co_window_of_opportunity_b, co_window_corner_b, co_window_corner_b,
          co_window_broadway_b, co_window_broadway_c, co_window_broadway_b,
          co_window_broadway_a, glass_columns_a, glass_columns_b,
          glass_columns_b, glass_columns_b, basic_altar, uniq_jorgrun
D:13:     doesnt_quadruple_sword, layout_loops_ring, enter_bailey_7,
          uniq_nessos, uniq_rupert
D:14:     layout_roguey, david_vaults_4, minmay_misc_feat_four_crosses
D:15:     grunt_enter_depths_giant_problem, layout_cave_pools,
          hangedman_decor_opposing
Temple:   dpeg_five_rooms_temple
Lair:1:   layout_cave_shapes
Lair:2:   layout_cave_pods, gammafunk_ghost_berserking_beasts,
          forest_entry_grove, grunt_megastairs_4, uniq_gastronok
Lair:3:   layout_small_grid, palyth_hydra_swamp_entry, lemuel_fruit_tree,
          grunt_megastairs_5
Lair:4:   layout_regular_city, minmay_snake_entry_six_corridors,
          gauntlet_entry_generic, beast_lair_carwin_6,
          infiniplex_staircase_pool, uniq_nergalle
Lair:5:   kb_forest_paths, layout_misc_corridors
Lair:6:   minmay_lair_end_frog_pond, layout_hall_layers,
          nicolae_slime_entry_slimehenge
Snake:1:  layout_onion, uniq_kirke
Snake:2:  layout_chambers, drop_trap
Snake:3:  layout_gridlike, nicolae_snake_shapes, serial_bayou_shore_b,
          uniq_aizul, uniq_vashnia, uniq_asterion
Slime:1:  layout_caves
Slime:2:  layout_caves
Slime:3:  layout_caves, nicolae_slime_barrier
Slime:4:  layout_caves
Slime:5
Orc:1:    cheibrodos_orc_arena, layout_caves
Orc:2:    st_orc_town, layout_diamond_mine, uniq_maurice, uniq_azrael
Elf:1:    layout_loops_cross, basic_altar, serial_sigils,
          serial_sigils_hangedman_scratch, serial_sigils_hangedman_shear,
          serial_sigils_hangedman_quiver, serial_sigils_hangedman_etch,
          minivault_28, minivault_13
Elf:2:    layout_geoelf_octagon, serial_shops, shop_statue, shop, shop_coins,
          serial_corexii_hall, corexii_hall_statues_x, corexii_hall_statues_l
Elf:3:    minmay_elf_hall_spiked, layout_onion_city, abandoned_shop
Depths:1: layout_cave_pools, hell_entry, minmay_misc_feat_diagonals,
          serial_bayou_lagoon_b, minmay_shop_grove, serial_bayou_shore_a,
          kennysheep_random_hallway, firewood_loft

Skill      XL: |  1  2  3  4  5  6  7  8  9 10 11 12 13 14 15 16 17 18 |
---------------+-------------------------------------------------------+-----
Stealth        | 2 3 4 5 8 11 12 14 | 14.3
Unarmed Combat | 6 7 9 11 12 14 16 17 21 20 | 21.4
Fighting       | 4 5 6 7 9 11 13 | 13.0
Dodging        | 6 7 10 12 14 15 | 15.4
Evocations     | 6 8 11 12 | 12.7
Invocations    | 4 8 10 | 10.6
Charms         | 5 7 |  7.4
Spellcasting   | 2 |  2.5
Translocations | 3 9 |  9.0
Ice Magic      | 1 |  1.7
Hexes          | 9 |  9.1

Action                   |  1- 3 |  4- 6 |  7- 9 | 10-12 | 13-15 | 16-18 || total
-------------------------+-------+-------+-------+-------+-------+-------++-------
Melee: Unarmed           |    85 |    74 |   342 |   679 |  1215 |  1048 ||  3443
       Bite              |     7 |     6 |    37 |    90 |   145 |   179 ||   464
       Punch             |     1 |       |     9 |    38 |    93 |   138 ||   279
 Cast: Shroud of Golubri |       |       |       |     5 |     2 |       ||     7
       Ozocubu's Armour  |       |       |       |     3 |     4 |       ||     7
       Cause Fear        |       |       |       |       |     5 |     4 ||     9
Invok: Shadow Step       |       |       |       |     5 |     7 |    15 ||    27
Evoke: Wand              |       |     7 |    26 |    54 |    16 |    16 ||   119
       Lamp of fire      |       |       |       |       |       |     1 ||     1
  Use: Potion            |       |     2 |       |     7 |     5 |    19 ||    33
       Scroll            |       |       |    12 |    15 |     5 |    24 ||    56
 Stab: Sleeping          |    11 |    14 |    24 |    32 |    38 |    83 ||   202
       Distracted        |     1 |     1 |     5 |     9 |    20 |    24 ||    60
       Paralysed         |       |       |     2 |     1 |     3 |     1 ||     7
       Petrified         |       |       |       |       |     1 |       ||     1
  Eat: Chunk             |     6 |    12 |    10 |    23 |    36 |    37 ||   124
       Ration            |       |       |       |       |       |     6 ||     6
Armor: Skin              |     5 |     6 |     7 |    23 |    24 |    30 ||    95
Dodge: Dodged            |    67 |    37 |   241 |   490 |  1021 |   793 ||  2649
Block: Other             |       |       |       |    99 |   154 |    38 ||   291

Table legend:
 A = Non-vault XP
 B = Vault XP
 C = Vault XP percentage of total XP
 D = Non-vault monster count
 E = Vault monster count
 F = Vault count percentage of total count
                 A         B        C        D         E       F
            +---------+---------+-------+---------+---------+-------
      Total |  246693 |  138477 |  36.0 |     816 |     342 |  29.5
            +---------+---------+-------+---------+---------+-------
        D:1 |      39 |       0 |   0.0 |      22 |       0 |   0.0
        D:2 |      49 |     253 |  83.8 |      13 |      11 |  45.8
        D:3 |      96 |     281 |  74.5 |      29 |       1 |   3.3
        D:4 |     526 |       0 |   0.0 |      20 |       0 |   0.0
        D:5 |     447 |       0 |   0.0 |      11 |       0 |   0.0
        D:6 |     773 |       0 |   0.0 |      24 |       0 |   0.0
        D:7 |     645 |       0 |   0.0 |      10 |       0 |   0.0
        D:8 |     928 |     383 |  29.2 |      18 |       1 |   5.3
        D:9 |    3324 |     673 |  16.8 |      53 |       1 |   1.9
       D:10 |     815 |    2378 |  74.5 |      16 |      17 |  51.5
       D:11 |    5307 |       0 |   0.0 |      40 |       0 |   0.0
       D:12 |    7817 |    4087 |  34.3 |      25 |      10 |  28.6
       D:13 |    7685 |    4220 |  35.4 |      47 |       6 |  11.3
       D:14 |    5686 |    1995 |  26.0 |      19 |       4 |  17.4
       D:15 |    8531 |    1765 |  17.1 |      21 |       1 |   4.5
     Lair:1 |    1184 |     294 |  19.9 |       7 |       2 |  22.2
     Lair:2 |    1258 |    3466 |  73.4 |       8 |       9 |  52.9
     Lair:3 |    4696 |    3401 |  42.0 |      17 |       6 |  26.1
     Lair:4 |   10379 |    4731 |  31.3 |      24 |      17 |  41.5
     Lair:5 |    5468 |    6582 |  54.6 |      22 |      27 |  55.1
     Lair:6 |   15884 |   11820 |  42.7 |      39 |      50 |  56.2
    Snake:1 |    8819 |    2080 |  19.1 |      16 |       1 |   5.9
    Snake:2 |   17355 |       0 |   0.0 |      32 |       0 |   0.0
    Snake:3 |   15394 |    6053 |  28.2 |      23 |       5 |  17.9
    Slime:1 |   10679 |       0 |   0.0 |      23 |       0 |   0.0
    Slime:2 |   11297 |       0 |   0.0 |      19 |       0 |   0.0
    Slime:3 |    4892 |       0 |   0.0 |       7 |       0 |   0.0
    Slime:4 |    4570 |       0 |   0.0 |       4 |       0 |   0.0
    Slime:5 |   13844 |   28998 |  67.7 |      19 |      10 |  34.5
      Orc:1 |    2573 |    1772 |  40.8 |      29 |      16 |  35.6
      Orc:2 |    6153 |    8710 |  58.6 |      46 |      67 |  59.3
      Elf:1 |   17641 |    9122 |  34.1 |      27 |      19 |  41.3
      Elf:2 |   16859 |    2106 |  11.1 |      26 |       3 |  10.3
      Elf:3 |   21376 |   31465 |  59.5 |      32 |      25 |  43.9
    Abyss:2 |   13704 |       0 |   0.0 |      28 |       0 |   0.0
     Bailey |       0 |    1842 | 100.0 |       0 |      33 | 100.0
            +---------+---------+-------+---------+---------+-------
